 Dungeon Crawl Stone Soup version 0.27.1-3-gb3d3a73c9e (webtiles) character file.

Game seed: 17315991572902709903

5 Descartes the Magician (level 1, 0/10 HPs)
             Began as a Deep Elf Wanderer on Oct 29, 2021.
             Slain by a jackal (1 damage)
             ... on level 1 of the Dungeon.
             The game lasted 00:00:52 (94 turns).

Descartes the Magician (Deep Elf Wanderer)            Turns: 94, Time: 00:00:53

Health: 0/10       AC:  2    Str:  8    XL:     1   Next: 66%
Magic:  0/7        EV: 11    Int: 18    God:
Gold:   0          SH:  0    Dex: 13    Spells: 7/8 levels left

rFire    . . .     SeeInvis .   a - +0 dagger
rCold    . . .     Faith    .   (no shield)
rNeg     . . .     Spirit   .   b - +0 robe
rPois    .         Reflect  .   (no helmet)
rElec    .         Harm     .   (no cloak)
rCorr    .         Rampage  .   (no gloves)
Will     .....                  (no boots)
Stlth    +.........             (no amulet)
HPRegen  0.03/turn              (no ring)
MPRegen  0.10/turn              (no ring)

@: no status effects
A: no striking features
a: no special abilities


You were on level 1 of the Dungeon.
You visited 1 branch of the dungeon, and saw 1 of its levels.

Inventory:

Hand Weapons
 a - a +0 dagger (weapon)
Armour
 b - a +0 robe (worn)


   Skills:
 + Level 1.0 Throwing
 + Level 1.0 Shields
 + Level 4.4 Spellcasting
 + Level 2.3 Translocations
 + Level 0.4 Transmutations
 + Level 3.2 Air Magic


You had 7 spell levels left.
You knew the following spells:

 Your Spells              Type           Power      Damage    Failure   Level
a - Sting                 Tmut/Pois      16%        1d3       13%         1

Your spell library contained the following spells:

 Spells                   Type           Power      Damage    Failure   Level
 Blink                    Tloc           N/A        N/A       9%          2
 Corpse Rot               Necr/Air       N/A        N/A       11%         2
 Poisonous Vapours        Pois/Air       18%        N/A       11%         2
 Gell's Gravitas          Tloc           6%         N/A       16%         3
 Lesser Beckoning         Tloc           6%         N/A       16%         3
 Teleport Other           Tloc           12%        N/A       16%         3
 Mephitic Cloud           Conj/Pois/Air  7%         N/A       28%         3
 Manifold Assault         Tloc           12%        N/A       83%         5


Dungeon Overview and Level Annotations

Branches:
Dungeon (1/15)

Altars:


Message History

Confirm with . or Enter, or press ? or * to list all spells.
Aiming: Sting (safe; 14% risk of failure)
Press: ? - help, Shift-Dir - straight line, f/p - jackal
Aim: a jackal (55% to hit)
The sting hits the jackal but does no damage.
The jackal is poisoned.
The jackal bites you. The jackal barely misses you.
You hit the jackal but do no damage.
The jackal is heavily wounded.
The jackal closely misses you.
You kill the jackal!
The jackal bites you.
Casting: Sting (safe; 13% risk of failure)
Confirm with . or Enter, or press ? or * to list all spells.
Aiming: Sting (safe; 13% risk of failure)
Press: ? - help, Shift-Dir - straight line, f - jackal
Aim: a jackal (55% to hit)
The sting hits the jackal.
The jackal is poisoned.
The jackal is lightly wounded.
The jackal barely misses you.
Casting: Sting (safe; 13% risk of failure)
Confirm with . or Enter, or press ? or * to list all spells.
You don't have enough magic to cast this spell.
Unknown command.
You hit the jackal but do no damage.
The jackal is lightly wounded.
The jackal bites you. x2
* * * LOW HITPOINT WARNING * * *
You hit the jackal but do no damage.
The jackal is lightly wounded.
The jackal bites you.
* * * LOW HITPOINT WARNING * * *
You closely miss the jackal.
The jackal is lightly wounded.
The jackal barely misses you.
You hit the jackal but do no damage.
The jackal bites you but does no damage.
The jackal barely misses you.
You barely miss the jackal. The jackal bites you.
You die...

#.≈.##.
#######################.≈.##.
......................#...##.
##.###.#############.....###
#.# #.# ####### #.# #.# #.#
#†# # #.###.########....
#.....#..h@.......
#.#####.######.### #.#....†#
#.#####.#.##### .......#..#
#.#####.### #†# #.#####.#
#.....h.#


You could see a jackal (poisoned).

Vanquished Creatures
  A ball python (D:1)
  3 jackals (D:1)
4 creatures vanquished.

Notes
Turn   | Place    | Note
-------+----------+-------------------------------------------
     0 | D:1      | Descartes the Deep Elf Wanderer began the quest for the
                  | Orb.
     0 | D:1      | Descartes set off with the following items: a +0 dagger, a
                  | +0 robe; and the following spell memorised: Sting; and the
                  | following spells available to memorise: Blink, Corpse Rot,
                  | Poisonous Vapours, Gell's Gravitas, Lesser Beckoning,
                  | Teleport Other, Mephitic Cloud, Manifold Assault
     0 | D:1      | Reached XP level 1. HP: 10/10 MP: 7/7
    94 | D:1      | Slain by a jackal

Illustrated notes

Levels and vault maps discovered:
D:1:      dpeg_arrival_rooms_c, layout_loops_ring, shapermc_ecumenical_altar_gd

Action                   || total
-------------------------++-------
Melee: Dagger            ||     6
 Cast: Sting             ||    10
Armor: Robe              ||     3
Dodge: Dodged            ||    12
